 Dungeon Crawl Stone Soup version 0.27-a0-1189-gb8eb6cee8e (webtiles) character file.

Game seed: 3522212366051644108

217 bisexualwizard the Spear-Bearer (level 5, -2/38 HPs)
             Began as a Merfolk Gladiator on May 22, 2021.
             Was an Initiate of Kikubaaqudgha.
             Slain by an orc warrior
             ... wielding a +0 hand axe
              (8 damage)
             ... on level 5 of the Dungeon.
             The game lasted 00:07:14 (4495 turns).

bisexualwizard the Spear-Bearer (Merfolk Gladiator) Turns: 4495, Time: 00:07:15

Health: -2/38      AC:  8    Str: 15    XL:     5   Next: 94%
Magic:  5/5        EV: 12    Int:  8    God:    Kikubaaqudgha [......]
Gold:   229        SH:  0    Dex: 15    Spells: 3/4 levels left

rFire    . . .     SeeInvis +   g - +0 glaive
rCold    . . .     Faith    .   (shield currently unavailable)
rNeg     . . .     Spirit   .   p - +0 ring mail
rPois    .         Reflect  .   c - +0 helmet
rElec    .         Harm     .   s - +0 cloak
rCorr    .         Rampage  .   t - +0 pair of gloves
Will     .....                  (no boots)
Stlth    +.........             (no amulet)
HPRegen  0.12/turn              q - ring of see invisible
MPRegen  0.09/turn              (no ring)

@: no status effects
A: (nimble swimmer 2), mertail
a: Renounce Religion


You were on level 5 of the Dungeon.
You worshipped Kikubaaqudgha.
Kikubaaqudgha was noncommittal.
You visited 1 branch of the dungeon, and saw 5 of its levels.

You collected 229 gold pieces.

Inventory:

Hand Weapons
 a - a +0 trident
 g - a +0 glaive (weapon)
Missiles
 d - 3 throwing nets (quivered)
Armour
 b - a +0 leather armour
 c - a +0 helmet (worn)
 p - a +0 ring mail (worn)
 s - a +0 cloak (worn)
 t - a +0 pair of gloves (worn)
Jewellery
 q - a ring of see invisible (left hand)
Scrolls
 h - a scroll of magic mapping
 j - a scroll of vulnerability {unknown}
 m - a scroll of fog {unknown}
 n - a scroll of fear {unknown}
 o - 2 scrolls of enchant armour {unknown}
 r - 2 scrolls of identify {unknown}
Potions
 e - a potion of attraction {unknown}
 f - a potion of might
 i - 2 potions of brilliance {unknown}
 k - 3 potions of curing {unknown}
 l - 2 potions of lignification {unknown}


   Skills:
 - Level 2.2 Fighting
 * Level 8.2 Polearms
 - Level 2.0 Throwing
 - Level 1.4 Armour
 - Level 4.1 Dodging
 - Level 1.0 Stealth
 * Level 0.4 Necromancy


You had 3 spell levels left.
You knew the following spells:

 Your Spells              Type           Power      Damage    Failure   Level
a - Pain                  Necr           0%         1d4       56%         1

Your spell library contained the following spells:

 Spells                   Type           Power      Damage    Failure   Level
 Animate Skeleton         Necr           0%         N/A       56%         1
 Apportation              Tloc           0%         N/A       63%         1
 Corona                   Hex            0%         N/A       63%         1
 Summon Small Mammal      Summ           0%         N/A       63%         1
 Vampiric Draining        Necr           0%         2d6       91%         3
 Animate Dead             Necr           0%         N/A       100%        4
 Agony                    Necr           0%         N/A       100%        5


Dungeon Overview and Level Annotations

Branches:
Dungeon (5/15)
 Temple: D:4-7

Altars:
Cheibriados
Dithmenos
Elyvilon
Kikubaaqudgha
Makhleb
Nemelex Xobeh
Uskayaw
Xom

Annotations:
D:3 1 runed translucent door, siradein's ghost, weakling DsEn


Innate Abilities, Weirdness & Mutations

((You are quick and stealthy near water. (Stealth+, EV+, Speed+++)))
Your lower body shifts to a powerful aquatic tail in water.


Message History

Found a stone staircase leading down.
You open the door.
There is an open door here.
Found a stone staircase leading down.
There is a stone staircase leading down here.
Found 15 arrows.
A dart slug comes into view.
Found a chain mail.
The dart slug launches a dart at you. The slug dart misses you.
You reach to attack!
You slash the dart slug!
You kill the dart slug!
Kikubaaqudgha accepts your kill.
No target in view!
No target in view!
An orc and an orc warrior come into view.
The orc shouts!
You hear a shout!
The orc warrior moves out of view.
An orc priest comes into view. It is wielding a +0 whip.
You reach to attack!
You slash the orc!
You kill the orc!
Kikubaaqudgha accepts your kill.
You reach to attack!
You barely miss the orc warrior. You barely miss the orc warrior.
The orc warrior hits you with a +0 hand axe.
The orc warrior closely misses you.
You closely miss the orc warrior. The orc warrior closely misses you.
You slash the orc warrior!
The orc warrior is moderately wounded.
The orc warrior hits you with a +0 hand axe.
The orc priest calls down the wrath of Beogh upon you.
Beogh smites you!
You closely miss the orc warrior.
The orc warrior is moderately wounded.
The orc warrior hits you with a +0 hand axe!
* * * LOW HITPOINT WARNING * * *
You are too injured to fight recklessly!
The orc warrior hits you with a +0 hand axe!
You die...
Kikubaaqudgha rasps: "You have failed me!
Welcome... death!"

####### #####
#.....# # ...#
#>###.#
###..###o###.#
#.# #.#
.....).o.@...#
#.# #.#
###.####.#####
#.# #.# #.#
#.# #.## #.#
###.# #...
###.#####
#...# ####
#.......#
#...#
#.#.###.#
#...#
#.#..##(#
##.####
#..#.##.#
#.##.##


You could see an orc warrior and an orc priest.

Vanquished Creatures
  A hound (D:4)
  A centaur skeleton (D:5)
  4 gnolls
  4 adders (D:3)
  6 dart slugs
  5 orcs
  2 bats
  3 endoplasms
  2 giant cockroaches
  9 goblins
  6 hobgoblins
  10 jackals
  3 quokkas
  2 ball pythons (D:1)
  3 frilled lizards
  2 kobolds
  5 rats
68 creatures vanquished.

Vanquished Creatures (others)
  A quokka (D:4)
1 creature vanquished.

Grand Total: 69 creatures vanquished

Notes
Turn   | Place    | Note
-------+----------+-------------------------------------------
     0 | D:1      | bisexualwizard the Merfolk Gladiator began the quest for
                  | the Orb.
     0 | D:1      | Reached XP level 1. HP: 16/16 MP: 1/1
   208 | D:1      | Reached XP level 2. HP: 22/22 MP: 2/2
   228 | D:1      | Reached skill level 5 in Polearms
   800 | D:1      | Reached XP level 3. HP: 27/27 MP: 3/3
   899 | D:1      | Found a faded altar of an unknown god.
  1215 | D:2      | Reached skill level 6 in Polearms
  1505 | D:2      | Reached XP level 4. HP: 17/33 MP: 4/4
  2426 | D:3      | Reached skill level 7 in Polearms
  2445 | D:3      | Reached skill level 1 in Armour
  2445 | D:3      | Reached skill level 1 in Stealth
  2610 | D:3      | Reached XP level 5. HP: 7/38 MP: 5/5
  2911 | D:3      | Noticed a +0 falchion
  2912 | D:3      | Noticed a +0 dagger
  2914 | D:3      | Noticed a +0 dagger
  2914 | D:3      | Noticed a +0 falchion
  2914 | D:3      | Noticed a +0 short sword
  2914 | D:3      | Noticed a +0 short sword
  2914 | D:3      | Noticed a +0 spear
  2914 | D:3      | Noticed a +0 spear
  3415 | D:3      | Found a hide-covered altar of Uskayaw.
  3521 | D:3      | Found a runed translucent door.
  3526 | D:3      | Noticed siradein's ghost (weakling DsEn)
  3797 | D:4      | Found a white marble altar of Elyvilon.
  3894 | D:4      | Found an ancient bone altar of Kikubaaqudgha.
  3904 | D:4      | Became a worshipper of Kikubaaqudgha
  3907 | D:4      | Learned a level 1 spell: Pain
  4256 | D:4      | Found a snail-covered altar of Cheibriados.
  4256 | D:4      | Found a shimmering altar of Xom.
  4264 | D:4      | Found a burning altar of Makhleb.
  4267 | D:4      | Found a sparkling altar of Nemelex Xobeh.
  4269 | D:4      | Found a shadowy altar of Dithmenos.
  4311 | D:5      | Entered Level 5 of the Dungeon
  4412 | D:5      | Reached skill level 8 in Polearms
  4486 | D:5      | Noticed an orc warrior
  4495 | D:5      | Slain by an orc warrior

Illustrated notes

Levels and vault maps discovered:
D:1:      minmay_arrival_radiant_lines, layout_basic,
          ebering_ecumenical_altar_mist, grunt_decor_resistance
D:2:      layout_basic, minmay_misc_feat_tiny, minmay_misc_feat_diagonals,
          kennysheep_generic_room_15
D:3:      layout_basic, nicolae_uskayaw_en_pointe, ebering_ghost_reflecting_pool
D:4:      kennysheep_the_goblin_king, layout_basic,
          lemuel_coloured_pillars_altar, elyvilon_altar_4,
          chequers_temple_overflow_minitemple
D:5:      layout_loops_corners, st_stairs_10

Skill      XL: |  1  2  3  4  5 |
---------------+----------------+-----
Polearms       | 5 6 7 8 |  8.2
Armour         | 1 |  1.4
Stealth        | 1 |  1.0
Fighting       | |  2.2
Throwing       | |  2.0
Dodging        | |  4.1
Necromancy     | |  0.4

Action                   |  1- 3 |  4- 6 || total
-------------------------+-------+-------++-------
Melee: Trident           |     6 |       ||     6
       Glaive            |    62 |   128 ||   190
  Use: Potion            |       |     1 ||     1
       Scroll            |       |     1 ||     1
 Stab: Sleeping          |     5 |     1 ||     6
       Distracted        |       |     1 ||     1
Armor: Leather armour    |    23 |    41 ||    64
       Ring mail         |       |     9 ||     9
Dodge: Dodged            |    46 |   111 ||   157

Table legend: (Time is in decaauts)
 A = Elapsed time spent in this place.
 B = Non-inter-level travel time spent in this place.
 C = Inter-level travel time spent in this place.
 D = Time resting spent in this place.
 E = Time spent auto-exploring this place.
 F = Levels seen in this place.
 G = Mean time per level.
                   A        B        C        D        E       F      G
               +--------+--------+--------+--------+--------+-----+--------+
         Total |   4563 |   4337 |    226 |    959 |   2799 |   5 |  912.6 |
       Dungeon |   4563 |   4337 |    226 |    959 |   2799 |   5 |  912.6 |
               +--------+--------+--------+--------+--------+-----+--------+

Top non-repeatable levels by time:
     D:1: 1639 daAuts
     D:3: 1486 daAuts
     D:2: 660 daAuts
     D:4: 590 daAuts
     D:5: 186 daAuts
